TOP OF THE 1ST |
Hendersonville Hitmen batting - Pitching for Seattle Pikes : LHP David Hill
|
Pitching: LHP David Hill
|
|
Batting: RHB Jesús Cruz
|
0-0: Called Strike 0-1: Ball 1-1: Ball 2-1: Foul Ball, location: 2F 2-2: SOLO HOME RUN (Flyball, 89XD), Distance : 440 ft
|
Batting: RHB Bill Mark
|
0-0: Foul Ball, location: 2F 0-1: Called Strike 0-2: Ball 1-2: Foul Ball, location: 2F 1-2: Foul Ball, location: 2F 1-2: Ball 2-2: SINGLE (Groundball, 6D)
|
Batting: RHB José Aguilera
|
0-0: Ball 1-0: Called Strike 1-1: Called Strike 1-2: Ball 2-2: Strikes out looking
|
Batting: LHB Tony Abete
|
0-0: Foul Ball, location: 2F 0-1: Ball 1-1: Foul Ball, location: 2F 1-2: Strikes out swinging
|
Batting: RHB Robert Buckley
|
0-0: Fly out, F8 (Flyball, 8LS)
|
Top of the 1st over - 1 run(s), 2 hit(s), 0 error(s), 1 left on base; Hendersonville 1 - Seattle 0 |
BOTTOM OF THE 1ST |
Seattle Pikes batting - Pitching for Hendersonville Hitmen : RHP José Rojas
|
Pitching: RHP José Rojas
|
|
Batting: RHB Randy Sheppard
|
0-0: Ball 1-0: Ball 2-0: Called Strike 2-1: Swinging Strike 2-2: Strikes out swinging
|
Batting: RHB António Ortega
|
0-0: Ball 1-0: Ball 2-0: Foul Ball, location: 2F 2-1: Foul Ball, location: 2F 2-2: Fly out, F7 (Line Drive, 7D)
|
Batting: LHB Richard Hunter
|
0-0: Ball 1-0: Called Strike 1-1: Ball 2-1: Ball 3-1: Reached on error, E4 (Groundball, 4)
|
Batting: RHB Iván Gonzáles
|
0-0: Called Strike 0-1: Fly out, F8 (Flyball, 8RXD)
|
Bottom of the 1st over - 0 run(s), 0 hit(s), 1 error(s), 1 left on base; Hendersonville 1 - Seattle 0 |
TOP OF THE 2ND |
Hendersonville Hitmen batting - Pitching for Seattle Pikes : LHP David Hill
|
Batting: LHB Lorenzo Quintanilla
|
0-0: Ball 1-0: Ball 2-0: Called Strike 2-1: Foul Ball, location: 2F 2-2: Ball 3-2: Fly out, F7 (Flyball, 7LS)
|
Now in LF: Manuel Rico
|
|
Batting: LHB Pedro Gonzáles
|
0-0: Called Strike 0-1: Ground out 4-3 (Groundball, 34D)
|
Batting: RHB Sugita Ito
|
0-0: Ball 1-0: Ball 2-0: Foul Ball, location: 2F 2-1: Swinging Strike 2-2: Foul Ball, location: 2F 2-2: Foul Ball, location: 2F 2-2: Ground out 1-3 (Groundball, 15S)
|
Top of the 2nd over - 0 run(s), 0 hit(s), 0 error(s), 0 left on base; Hendersonville 1 - Seattle 0 |
BOTTOM OF THE 2ND |
Seattle Pikes batting - Pitching for Hendersonville Hitmen : RHP José Rojas
|
Batting: RHB Manuel Rico
|
0-0: Ground out 6-3 (Groundball, 6)
|
Batting: RHB Wallace Greene
|
0-0: SINGLE (Flyball, 8LS)
|
Batting: LHB Keith Tillman
|
0-0: Ball Pickoff Throw to First - Out! 1-0: Foul Ball, location: 2F 1-1: SINGLE (Flyball, 6MD)
|
Batting: RHB Pete Rideout
|
0-0: Ball 1-0: Foul Ball, location: 2F 1-1: Ball 2-1: Ball 3-1: Fly out, F8 (Line Drive, 8RXD)
|
Bottom of the 2nd over - 0 run(s), 2 hit(s), 0 error(s), 1 left on base; Hendersonville 1 - Seattle 0 |
TOP OF THE 3RD |
Hendersonville Hitmen batting - Pitching for Seattle Pikes : LHP David Hill
|
Batting: RHB Robert Bly
|
0-0: Swinging Strike 0-1: Foul Ball, location: 2F 0-2: Ball 1-2: Strikes out swinging
|
Batting: RHB Jesús Cruz
|
0-0: Foul Ball, location: 2F 0-1: Foul Ball, location: 2F 0-2: Ball 1-2: Ball 2-2: Fly out, F9 (Flyball, 9)
|
Batting: RHB Bill Mark
|
0-0: Ball 1-0: DOUBLE (Flyball, 8LD)
|
Batting: RHB José Aguilera
|
0-0: Ground out 5-3 (Groundball, 5)
|
Top of the 3rd over - 0 run(s), 1 hit(s), 0 error(s), 1 left on base; Hendersonville 1 - Seattle 0 |
BOTTOM OF THE 3RD |
Seattle Pikes batting - Pitching for Hendersonville Hitmen : RHP José Rojas
|
Batting: SHB António Hernández
|
0-0: Ball 1-0: Ball 2-0: Foul Ball, location: 2F 2-1: Swinging Strike 2-2: Ball 3-2: Base on Balls
|
Batting: RHB Randy Sheppard
|
0-0: Called Strike 0-1: Ball 1-1: Ball 2-1: Foul Ball, location: 2F 2-2: Foul Ball, location: 2F 2-2: Strikes out swinging
|
Batting: RHB António Ortega
|
0-0: Ball António Hernández steals 2nd base 1-0: Foul Ball, location: 2F 1-1: Ball 2-1: Ball 3-1: Base on Balls
|
Batting: LHB Richard Hunter
|
0-0: Swinging Strike 0-1: Ball 1-1: Foul Ball, location: 2F 1-2: Strikes out looking
|
Batting: RHB Iván Gonzáles
|
0-0: Swinging Strike 0-1: Ball 1-1: Ball 2-1: Fielders Choice at 2nd, 6-4 (Groundball, 6)
|
Bottom of the 3rd over - 0 run(s), 0 hit(s), 0 error(s), 1 left on base; Hendersonville 1 - Seattle 0 |
TOP OF THE 4TH |
Hendersonville Hitmen batting - Pitching for Seattle Pikes : LHP David Hill
|
Batting: LHB Tony Abete
|
0-0: Called Strike 0-1: Ball 1-1: Foul Ball, location: 2F 1-2: SINGLE (Groundball, 4MD)
|
Batting: RHB Robert Buckley
|
0-0: SINGLE (Groundball, 34D) Tony Abete to second Throwing error, E9 Tony Abete scores Robert Buckley to second
|
Batting: LHB Lorenzo Quintanilla
|
0-0: Ball 1-0: Called Strike 1-1: Ground out 4-3 (Groundball, 34) Robert Buckley to third
|
Batting: LHB Pedro Gonzáles
|
0-0: Called Strike 0-1: Ball 1-1: Called Strike 1-2: Ball 2-2: Foul Ball, location: 2F 2-2: SINGLE (Line Drive, 9S) Robert Buckley scores
|
Batting: RHB Sugita Ito
|
0-0: Ball 1-0: Ball 2-0: Foul Ball, location: 2F 2-1: Fly out, F7 (Flyball, 7D)
|
Batting: RHB Robert Bly
|
0-0: Ball 1-0: Called Strike 1-1: Foul Ball, location: 2F 1-2: Strikes out swinging
|
Top of the 4th over - 2 run(s), 3 hit(s), 1 error(s), 1 left on base; Hendersonville 3 - Seattle 0 |
BOTTOM OF THE 4TH |
Seattle Pikes batting - Pitching for Hendersonville Hitmen : RHP José Rojas
|
Batting: RHB Manuel Rico
|
0-0: Called Strike 0-1: Foul Ball, location: 2F 0-2: SINGLE (Flyball, 7LS)
|
Batting: RHB Wallace Greene
|
0-0: Ball 1-0: Foul Ball, location: 2F 1-1: Foul Ball, location: 2F 1-2: Strikes out swinging
|
Batting: LHB Keith Tillman
|
0-0: Ball 1-0: Fielders Choice at 2nd, 1-6 (Groundball, 13S)
|
Batting: RHB Pete Rideout
|
0-0: Called Strike 0-1: Fly out, F9 (Flyball, 9S)
|
Bottom of the 4th over - 0 run(s), 1 hit(s), 0 error(s), 1 left on base; Hendersonville 3 - Seattle 0 |
TOP OF THE 5TH |
Hendersonville Hitmen batting - Pitching for Seattle Pikes : LHP David Hill
|
Batting: RHB Jesús Cruz
|
0-0: Called Strike 0-1: Swinging Strike 0-2: Ball 1-2: Strikes out looking
|
Batting: RHB Bill Mark
|
0-0: Ball 1-0: Ball 2-0: SINGLE (Groundball, 4) (infield hit)
|
Batting: RHB José Aguilera
|
0-0: Called Strike 0-1: Grounds into double play, 5-4-3 (Groundball, 56)
|
Top of the 5th over - 0 run(s), 1 hit(s), 0 error(s), 0 left on base; Hendersonville 3 - Seattle 0 |
BOTTOM OF THE 5TH |
Seattle Pikes batting - Pitching for Hendersonville Hitmen : RHP José Rojas
|
Batting: SHB António Hernández
|
0-0: Called Strike 0-1: Called Strike 0-2: Ball 1-2: Strikes out swinging
|
Batting: RHB Randy Sheppard
|
0-0: Ball 1-0: Called Strike 1-1: Ground out 6-3 (Groundball, 6)
|
Batting: RHB António Ortega
|
0-0: Fly out, F8 (Flyball, 8RM)
|
Bottom of the 5th over - 0 run(s), 0 hit(s), 0 error(s), 0 left on base; Hendersonville 3 - Seattle 0 |
TOP OF THE 6TH |
Hendersonville Hitmen batting - Pitching for Seattle Pikes : LHP David Hill
|
Batting: LHB Tony Abete
|
0-0: Called Strike 0-1: Ball 1-1: Called Strike 1-2: Ball 2-2: Fly out, F7 (Flyball, 7LM)
|
Batting: RHB Robert Buckley
|
0-0: Ball 1-0: Foul Ball, location: 2F 1-1: Swinging Strike 1-2: Foul Ball, location: 2F 1-2: Ball 2-2: Fly out, F8 (Line Drive, 8RD)
|
Batting: LHB Lorenzo Quintanilla
|
0-0: Called Strike 0-1: Foul Ball, location: 2F 0-2: Ball 1-2: Ball 2-2: Fly out, F2 (Popup, 25)
|
Top of the 6th over - 0 run(s), 0 hit(s), 0 error(s), 0 left on base; Hendersonville 3 - Seattle 0 |
BOTTOM OF THE 6TH |
Seattle Pikes batting - Pitching for Hendersonville Hitmen : RHP José Rojas
|
Batting: LHB Richard Hunter
|
0-0: Ball 1-0: Fly out, F7 (Flyball, 78D)
|
Batting: RHB Iván Gonzáles
|
0-0: Swinging Strike 0-1: DOUBLE (Flyball, 78D)
|
Batting: RHB Manuel Rico
|
0-0: Called Strike 0-1: Ball 1-1: Ground out 6-3 (Groundball, 6)
|
Batting: RHB Wallace Greene
|
0-0: Ball 1-0: Swinging Strike 1-1: Ball 2-1: Ground out 5-3 (Groundball, 56)
|
Bottom of the 6th over - 0 run(s), 1 hit(s), 0 error(s), 1 left on base; Hendersonville 3 - Seattle 0 |
TOP OF THE 7TH |
Hendersonville Hitmen batting - Pitching for Seattle Pikes : LHP David Hill
|
Pitching: LHP Manny Sandoval
|
|
Batting: LHB Pedro Gonzáles
|
0-0: Ball 1-0: Swinging Strike 1-1: SINGLE (Groundball, 6D)
|
Batting: RHB Sugita Ito
|
0-0: Ball 1-0: Bunted foul 1-1: Ball 2-1: Bunted foul 2-2: SINGLE (Groundball, 56D) Pedro Gonzáles to second
|
Batting: RHB Robert Bly
|
0-0: Ball 1-0: Grounds into double play, 1-6-3 (Groundball, 13S) Pedro Gonzáles to third
|
Batting: RHB Jesús Cruz
|
0-0: Swinging Strike 0-1: Swinging Strike 0-2: Foul Ball, location: 2F 0-2: Strikes out swinging
|
Top of the 7th over - 0 run(s), 2 hit(s), 0 error(s), 1 left on base; Hendersonville 3 - Seattle 0 |
BOTTOM OF THE 7TH |
Seattle Pikes batting - Pitching for Hendersonville Hitmen : RHP José Rojas
|
Batting: LHB Keith Tillman
|
0-0: Ball 1-0: Ball 2-0: SINGLE (Line Drive, 3L)
|
Batting: RHB Pete Rideout
|
0-0: Called Strike 0-1: Ball 1-1: Grounds into double play, 6-4-3 (Groundball, 6)
|
Batting: SHB António Hernández
|
0-0: Called Strike 0-1: DOUBLE (Line Drive, 78D)
|
Batting: RHB Randy Sheppard
|
0-0: Called Strike 0-1: Ball 1-1: Ground out 6-3 (Groundball, 6)
|
Bottom of the 7th over - 0 run(s), 2 hit(s), 0 error(s), 1 left on base; Hendersonville 3 - Seattle 0 |
TOP OF THE 8TH |
Hendersonville Hitmen batting - Pitching for Seattle Pikes : LHP Manny Sandoval
|
Batting: RHB Bill Mark
|
0-0: Ground out 1-3 (Groundball, 13)
|
Batting: RHB José Aguilera
|
0-0: Ball 1-0: Ball 2-0: Ball 3-0: Called Strike 3-1: Swinging Strike 3-2: Strikes out swinging
|
Batting: LHB Tony Abete
|
0-0: Foul Ball, location: 2F 0-1: Swinging Strike 0-2: Foul Ball, location: 2F 0-2: Foul Ball, location: 2F 0-2: Strikes out swinging
|
Top of the 8th over - 0 run(s), 0 hit(s), 0 error(s), 0 left on base; Hendersonville 3 - Seattle 0 |
BOTTOM OF THE 8TH |
Seattle Pikes batting - Pitching for Hendersonville Hitmen : RHP José Rojas
|
Batting: RHB António Ortega
|
0-0: Ball 1-0: Ball 2-0: Ball 3-0: Called Strike 3-1: Called Strike 3-2: Base on Balls
|
Batting: LHB Richard Hunter
|
0-0: Fly out, F4 (Line Drive, 4)
|
Batting: RHB Iván Gonzáles
|
0-0: Called Strike 0-1: Foul Ball, location: 2F 0-2: Ball 1-2: Foul Ball, location: 2F 1-2: Ball 2-2: Foul Ball, location: 2F 2-2: Strikes out swinging
|
Batting: RHB Manuel Rico
|
0-0: Ball 1-0: Called Strike 1-1: Ball 2-1: Foul Ball, location: 2F 2-2: Strikes out swinging
|
Bottom of the 8th over - 0 run(s), 0 hit(s), 0 error(s), 1 left on base; Hendersonville 3 - Seattle 0 |
TOP OF THE 9TH |
Hendersonville Hitmen batting - Pitching for Seattle Pikes : LHP Manny Sandoval
|
Batting: RHB Robert Buckley
|
0-0: Ball 1-0: Foul Ball, location: 2F 1-1: Fly out, F6 (Popup, 6D)
|
Batting: LHB Lorenzo Quintanilla
|
0-0: Foul Ball, location: 2F 0-1: Ground out 1-3 (Groundball, 13)
|
Batting: LHB Pedro Gonzáles
|
0-0: Called Strike 0-1: Foul Ball, location: 2F 0-2: Ball 1-2: Foul Ball, location: 2F 1-2: Strikes out looking
|
Top of the 9th over - 0 run(s), 0 hit(s), 0 error(s), 0 left on base; Hendersonville 3 - Seattle 0 |
BOTTOM OF THE 9TH |
Seattle Pikes batting - Pitching for Hendersonville Hitmen : RHP José Rojas
|
Pitching: RHP Juan Nieto
|
|
Batting: RHB Wallace Greene
|
0-0: Ball 1-0: Foul Ball, location: 2F 1-1: Ground out 4-3 (Groundball, 4MS)
|
Batting: LHB Keith Tillman
|
0-0: Ball 1-0: Called Strike 1-1: Ball 2-1: Ball 3-1: Foul Ball, location: 2F 3-2: SINGLE (Groundball, 4MD)
|
Batting: RHB Pete Rideout
|
0-0: Ball 1-0: Called Strike 1-1: SINGLE (Line Drive, 78S) Keith Tillman to second
|
Batting: SHB António Hernández
|
0-0: Ball 1-0: Foul Ball, location: 2F 1-1: Ball 2-1: Fielders Choice at 2nd, 4-6 (Groundball, 4) Keith Tillman to third
|
Batting: RHB Randy Sheppard
|
0-0: Foul Ball, location: 2F 0-1: Swinging Strike 0-2: Strikes out swinging
|
Bottom of the 9th over - 0 run(s), 2 hit(s), 0 error(s), 2 left on base; Hendersonville 3 - Seattle 0 |
|